 Dungeon Sprint DCSS version 0.31-a0-675-g238779eb0a (webtiles) character file.

Game seed: 8771503492964215488

4928 sircluck the Grappler (level 10, 0/175 HPs)
             Began as a Troll Berserker on Sept 5, 2023.
             Was an Elder of Trog.
             Slain by an ice dragon (3 damage)
             ... in the Dungeon (Sprint II: "The Violet Keep of Menkaure").
             The game lasted 00:03:11 (493 turns).

sircluck the Grappler (Troll Berserker)              Turns: 493, Time: 00:03:12

Health: 0/175      AC:  4    Str: 31    XL:     10   Next: 27%
Magic:  9/9        EV: 13    Int:  1    God:    Trog [****..]
Gold:   1154       SH:  0    Dex:  9    Spells: 9/9 levels left

rFire   . .          .
                       - Unarmed
rCold   . . .        (no shield)
rNeg    . . .        a - +0 animal skin
rPois   .            (helmet restricted)
rElec   .            (no cloak)
rCorr   .            (gloves unavailable)
SInv    .            (boots unavailable)
Will    +....        (no amulet) Stlth
                     (no ring)
HPRegen 1.29/turn    (no ring)
MPRegen 0.11/turn

%: no teleportation, random rage (3%)
@: berserking, enlightened, flying, very quick
A: large, unfitting armour, claws 3, regeneration 1, shaggy fur 1, tough skin 1,
berserk 1, dopey 1, inability to drink after injury 1, inability to read after
injury 1
a: Renounce Religion, Berserk, Trog's Hand, Brothers in Arms


You were in the Dungeon.
You worshipped Trog.
Trog was greatly pleased with you.
You visited 1 branch You collected 1154 gold pieces.

Inventory:

Armour
 a - a +0 animal skin (worn)
 g - +0 fire dragon scales
Scrolls
 h - a scroll of identify {unknown}
Potions
 b - a potion of curing
 c - a potion of heal wounds
 d - a potion of haste
 e - 2 potions of magic
 f - a potion of berserk rage
 i - 2 potions of enlightenment


   Skills:
 + Level 12.4 Fighting
 + Level 0.4 Armour
 + Level 12.2 Dodging
 + Level 14.4 Unarmed Combat


You had 9 spell levels left.
You didn't know any spells.
Your spell library was empty.

Dungeon Overview and Level Annotations

Branches:
Dungeon (1/1)

Altars:

Shops:
D ?[:![(!(=?:[(*=

Annotations:
D exclusion: oklob plant


Innate Abilities, Weirdness & Mutations

You are too large for most types of armour.
You have claws for hands.
Your natural rate of healing is unusually fast.
You are covered in fur. (AC +1)
You have tough skin. (AC +1)
You sometimes lose your temper in combat.
You are dopey. (Int -2)
You occasionally lose the ability to drink potions when taking damage.
You occasionally lose the ability to read scrolls when taking damage.


Message History

There is an open door, spattered with blood here.
You scratch the ice dragon.
The ice dragon is lightly wounded.
You claw the ice dragon!
The ice dragon is lightly wounded.
The ice dragon misses you. The ice dragon claws you.
The ice dragon tramples you!
You hold your ground!
You scratch the ice dragon.
The ice dragon is lightly wounded.
The ice dragon bites you. The ice dragon completely misses you.
The ice dragon tramples you!
You are shoved backwards!
You closely miss the ice dragon.
The ice dragon is lightly wounded.
The ice dragon barely misses you. The ice dragon claws you!
The ice dragon misses you.
You claw the ice dragon!
The ice dragon is moderately wounded.
You claw the ice dragon!
The ice dragon is moderately wounded.
The ice dragon breathes frost at you. The blast of cold hits you!!
* * * LOW HITPOINT WARNING * * *
You barely miss the ice dragon.
The ice dragon is moderately wounded.
The ice dragon bites you!
* * * LOW HITPOINT WARNING * * *
The ice dragon closely misses you. The ice dragon completely misses you.
A red film seems to cover your vision as you go berserk!
You feel yourself moving faster!
You feel mighty!
You mangle the ice dragon!!
The ice dragon is heavily wounded.
The ice dragon breathes frost at you. The blast of cold hits you!!
* * * LOW HITPOINT WARNING * * *
You completely miss the ice dragon.
The ice dragon is heavily wounded.
Unknown command.
You barely miss the ice dragon.
The ice dragon is heavily wounded.
The ice dragon bites you.
You die...

#### +).# #=$####
#D##..####+####
#@.†.##§§≈≈§§≈##
#.=###≈≈≈≈≈≈≈§≈##
####..+≈≈≈≈≈≈≈≈≈≈≈#
#..)####≈§§§§S≈§≈
#...))~##≈≈SS≈§≈#
############~~#+++#+++##
###########~~~.........#
##.......∩#~~~~.##'##..#
##∩.......#~~~~####.##.###


You could see an ice dragon (catching breath).

Vanquished Creatures
  A fire dragon (D)
  A yaktaur captain (D)
  A centaur warrior (D)
  A skeletal warrior (D)
  A merfolk siren (D)
  A kobold demonologist (D)
  2 wyverns (D)
  4 neqoxecs (D)
  Menkaure (D)
  A necrophage (D)
  A scorpion (D)
  An iron imp (D)
  3 worms (D)
19 creatures vanquished.

Vanquished Creatures (collateral kills)
  An elephant (D)
1 creature vanquished.

Vanquished Creatures (others)
  Kirke (D)
  A water moccasin (D)
2 creatures vanquished.

Grand Total: 22 creatures vanquished

Notes
Turn   | Place    | Note
-------+----------+-------------------------------------------
     0 | D        | sircluck the Troll Berserker began the quest for the Orb.
     0 | D        | Reached XP level 1. HP: 22/22 MP: 0/0
     1 | D        | Noticed a neqoxec
     1 | D        | Noticed a neqoxec
     1 | D        | Noticed a neqoxec
     1 | D        | Noticed a neqoxec
     4 | D        | Gained mutation: You occasionally lose the ability to read
                  | scrolls when taking damage. [a neqoxec]
     6 | D        | Killed a neqoxec
     7 | D        | Reached skill level 5 in Fighting
     7 | D        | Reached skill level 5 in Dodging
     7 | D        | Reached skill level 6 in Unarmed Combat
     7 | D        | Reached XP level 2. HP: 35/35 MP: 1/1
     7 | D        | Reached XP level 3. HP: 42/42 MP: 2/2
     7 | D        | Reached XP level 4. HP: 50/50 MP: 3/3
     9 | D        | Gained mutation: You are dopey. (Int -2) [a neqoxec]
    14 | D        | Killed a neqoxec
    15 | D        | Reached skill level 7 in Unarmed Combat
    15 | D        | Reached XP level 5. HP: 61/61 MP: 4/4
    19 | D        | Gained mutation: You occasionally lose the ability to drink
                  | potions when taking damage. [a neqoxec]
    19 | D        | Lost intelligence.
    20 | D        | Gained mutation: You sometimes lose your temper in combat.
                  | [a neqoxec]
    25 | D        | Killed a neqoxec
    25 | D        | Reached ** piety under Trog
    26 | D        | Reached skill level 8 in Unarmed Combat
    26 | D        | Reached XP level 6. HP: 17/71 MP: 5/5
    31 | D        | HP: 2/71 [neqoxec (5)]
    32 | D        | Killed a neqoxec
    33 | D        | Reached skill level 9 in Unarmed Combat
    41 | D        | Noticed Menkaure
    43 | D        | Killed Menkaure
    44 | D        | Reached XP level 7. HP: 19/80 MP: 6/6
    44 | D        | Found Omokhlag's General Store.
    44 | D        | Found Diny's Jewellery Emporium.
    45 | D        | Found Jousim's Weapon Emporium.
    46 | D        | Found Vokyr's Book Shoppe.
    46 | D        | Found Xaorag's Antique Armour Emporium.
    48 | D        | Found Emit's Jewellery Shoppe.
    48 | D        | Found Poxzops's Magic Scroll Emporium.
    50 | D        | Found Oxeastey's Antique Weapon Shoppe.
    52 | D        | Found Etugriha's Antique Weapon Emporium.
    52 | D        | Found Unnunas's Distillery.
    53 | D        | Noticed a polar bear
    69 | D        | Noticed an ice statue
    95 | D        | Reached *** piety under Trog
   106 | D        | Found Axulia's Antique Armour Emporium.
   106 | D        | Found Peva's Distillery.
   106 | D        | Noticed a polar bear
   106 | D        | Noticed an oklob plant
   107 | D        | Found Hosatet's Armour Shoppe.
   107 | D        | Found Dirphef's Book Shoppe.
   107 | D        | Found Miak's Magic Scroll Emporium.
   107 | D        | Noticed a slime creature
   107 | D        | Noticed a slime creature
   111 | D        | Noticed a great orb of eyes
   155 | D        | Reached skill level 10 in Unarmed Combat
   163 | D        | Noticed a merfolk siren
   170 | D        | Killed a merfolk siren
   170 | D        | Reached **** piety under Trog
   171 | D        | Reached XP level 8. HP: 92/92 MP: 7/7
   183 | D        | Reached skill level 11 in Unarmed Combat
   257 | D        | Noticed an elephant
   257 | D        | Noticed a centaur warrior
   257 | D        | Noticed Kirke
   257 | D        | Noticed a kobold demonologist
   257 | D        | Noticed a yaktaur captain
   257 | D        | Noticed a skeletal warrior
   259 | D        | Noticed a smoke demon
   261 | D        | Killed a skeletal warrior
   262 | D        | Reached skill level 10 in Fighting
   262 | D        | Reached skill level 10 in Dodging
   262 | D        | Reached skill level 12 in Unarmed Combat
   265 | D        | Killed a yaktaur captain
   266 | D        | Reached XP level 9. HP: 85/102 MP: 8/8
   270 | D        | Killed a centaur warrior
   271 | D        | Reached skill level 13 in Unarmed Combat
   275 | D        | Killed a kobold demonologist
   275 | D        | Reached ***** piety under Trog
   278 | D        | Killed an elephant
   278 | D        | Noticed a fire dragon
   285 | D        | Killed Kirke
   286 | D        | Reached skill level 14 in Unarmed Combat
   286 | D        | Reached XP level 10. HP: 25/115 MP: 9/9
   286 | D        | HP: 5/115 [fire dragon (10)]
   399 | D        | Killed a fire dragon
   482 | D        | Noticed an ice dragon
   491 | D        | HP: 2/175 [ice dragon/blast of cold (34)]
   493 | D        | Slain by an ice dragon

Illustrated notes

Levels and vault maps discovered:
D:        the_violet_keep_of_menkaure [sprint2_stairs_cluster_1,
          sprint2_shoproom, sprint2_temple, sprint2_basic_supplies,
          sprint2_obstacle_2, sprint2_obstacle_6, sprint2_obstacle_7,
          sprint2_obstacle_3, sprint2_obstacle_5, sprint2_timed_cluster_1,
          sprint2_smallroom_cluster_1, sprint2_smallroom_final_cluster_1,
          sprint2_transparent_cluster_1, sprint2_second_timed_cluster_1,
          sprint2_sniper_area_1, sprint2_heavy_combat_area_1,
          sprint2_mutation_trap_area_1, sprint2_forest_area_1,
          sprint2_light_combat_area_1, sprint2_behind_water_1,
          sprint2_near_end_vault_1]

Skill      XL: |  1  2  3  4  5  6  7  8  9 10 |
---------------+-------------------------------+-----
Fighting       | 5 6 7 8 9 10 12 | 12.4
Dodging        | 5 6 7 8 9 10 11 12 | 12.2
Unarmed Combat | 6 7 8 9 10 12 14 | 14.4
Armour         | |  0.4

Action                     |  1- 3 |  4- 6 |  7- 9 | 10-12 || total
---------------------------+-------+-------+-------+-------++-------
  Melee: Unarmed           |     4 |    23 |    39 |    20 ||    86
         Punch             |       |       |     6 |     1 ||     7
 Invoke: Berserk           |     1 |       |     1 |       ||     2
         Brothers in Arms  |       |       |     2 |       ||     2
         Trog's Hand       |       |       |     1 |       ||     1
    Use: Scroll            |       |       |       |     1 ||     1
         Potion            |       |       |       |     1 ||     1
 Armour: Animal skin       |       |    18 |    25 |    18 ||    61
  Dodge: Dodged            |     1 |    10 |    11 |    11 ||    33

Table legend: (Time is in decaauts)
 A = Elapsed time spent in this place.
 B = Non-inter-level travel time spent in this place.
 C = Inter-level travel time spent in this place.
 D = Time resting spent in this place.
 E = Time spent auto-exploring this place.
 F = Levels seen in this place.
 G = Mean time per level.
                   A        B        C        D        E       F      G
               +--------+--------+--------+--------+--------+-----+--------+
         Total |    524 |    500 |     24 |    106 |     59 |   1 |  524.0 |
       Dungeon |    524 |    500 |     24 |    106 |     59 |   1 |  524.0 |
               +--------+--------+--------+--------+--------+-----+--------+

Top non-repeatable levels by time:
       D: 524 daAuts
